 Dungeon Crawl Stone Soup version 0.20.0-14-g326068f (webtiles) character file.

70 straycat the Ducker (level 4, -2/34 HPs)
             Began as a Vampire Fighter on June 8, 2017.
             Incinerated by skittles's ghost (6 damage)
             ... with a sticky flame
             ... on level 3 of the Dungeon.
             The game lasted 00:05:56 (1579 turns).

straycat the Ducker (Vampire Fighter)               Turns: 1579, Time: 00:05:57

Health: -2/34      AC:  6    Str: 21    XL:     4   Next: 3%
Magic:  4/4        EV:  9    Int: 10    God:
Gold:   57         SH:  9    Dex: 13    Spells: 3/3 levels left

rFire    . . .     SeeInvis +   a - +0 rapier
rCold    + . .     Gourm    .   c - +0 shield
rNeg     + + .     Faith    .   b - +0 scale mail
rPois    +         Spirit   .   (no helmet)
rElec    .         Reflect  .   (no cloak)
rCorr    .         Harm     .   (no gloves)
MR       .....                  (no boots)
Stlth    +.........             (no amulet)
Regen    0.1/turn               (no ring)
MPRegen  0.1/turn               (no ring)

@: mighty, liquid flames, regenerating slowly, glowing
A: fangs 3, see invisible, unbreathing
a: Bat Form


You were on level 3 of the Dungeon.
You were very thirsty.

You visited 1 branch of the dungeon, and saw 3 of its levels.

You collected 57 gold pieces.

Inventory:

Hand Weapons
 a - a +0 rapier (weapon)
Missiles
 f - 97 stones (quivered)
 j - 28 arrows
 p - 22 bolts
 x - 18 sling bullets
Armour
 b - a +0 scale mail (worn)
 c - a +0 shield (worn)
 q - a cursed +0 buckler
Scrolls
 h - a scroll of teleportation {unknown}
 i - 3 scrolls of identify {unknown}
 k - 2 scrolls of fear {unknown}
 l - a scroll of enchant weapon {unknown}
 n - a scroll of recharging {unknown}
 s - a scroll of blinking {unknown}
 t - a scroll of immolation {unknown}
 v - a scroll of noise {unknown}
Potions
 e - 14 potions of blood
 g - a potion of brilliance {unknown}
 m - 2 potions of invisibility {unknown}
 o - a potion of resistance {unknown}
 r - a potion of haste {unknown}
 u - a potion of magic {unknown}
 z - a potion of curing {unknown}
Books
 w - a book of Minor Magic

   Spells                             Type                      Level
   a - Magic Dart                     Conjuration                  1
   b - Blink                          Translocation                2
   c - Call Imp                       Summoning                    2
   d - Slow                           Hexes                        2
   e - Conjure Flame                  Conjuration/Fire             3
   f - Mephitic Cloud                 Conjuration/Poison/Air       3


   Skills:
 - Level 2.6 Fighting
 - Level 2.1 Short Blades
 - Level 2.4 Armour
 * Level 4.0 Dodging
 - Level 2.6 Shields


You had 3 spell levels left.
You didn't know any spells.

Dungeon Overview and Level Annotations

Branches:
Dungeon (3/15)

Altars:
Dithmenos

Annotations:
D:3 skittles's ghost, novice DrFE


Innate Abilities, Weirdness & Mutations

You heal slowly.
You have razor-sharp teeth.
You have supernaturally acute eyesight. (SInv)
You can survive without breathing.


Message History

Skittles's ghost hits you but does no damage.
You hit skittles's ghost but do no damage.
Skittles's ghost is heavily damaged.
Skittles's ghost hits you but does no damage.
You miss skittles's ghost.
Skittles's ghost is heavily damaged.
Skittles's ghost says very slowly, "There's no hope."
Skittles's ghost barely misses you.
You closely miss skittles's ghost. You bite skittles's ghost!
Skittles's ghost is severely damaged.
Skittles's ghost sprays you with burning goo.
The sticky flame hits you!
You are covered in liquid flames!
* * * LOW HITPOINT WARNING * * *
You block skittles's ghost's attack.
Your shield prevents you from hitting skittles's ghost.
Your bite misses skittles's ghost.
Skittles's ghost is severely damaged.
You are covered in liquid flames!
You die...

.##...........# #......# #.#
.##..........<###......######.#
..........................>...#
###............#.......###..#.#
#............#.......#.#..#.#
##########...#.......#....#.#
#.#.#.........#.##.#
#.#.#.......###.##.#
#..KW@......# #....#
###.######### ###### #(#
#............# #............#
#..........W.# #............#
#..........K.# #............#


You could see skittles's ghost and a kobold.

Vanquished Creatures
  A gnoll (D:1)
  An adder (D:2)
  2 worms (D:2)
  A dart slug (D:1)
  2 leopard geckos
  2 giant cockroaches (D:1)
  7 goblins
  3 hobgoblins
  4 jackals (D:1)
  2 quokkas (D:2)
  7 bats
  4 frilled lizards (D:1)
  A kobold (D:1)
  3 rats
40 creatures vanquished.

Notes
Turn   | Place    | Note
-------+----------+-------------------------------------------
     0 | D:1      | straycat the Vampire Fighter began the quest for the Orb.
     0 | D:1      | Reached XP level 1. HP: 17/17 MP: 1/1
    11 | D:1      | Noticed an electric eel
    70 | D:1      | Reached skill level 1 in Dodging
   102 | D:1      | Reached XP level 2. HP: 7/23 MP: 2/2
   110 | D:1      | Reached skill level 2 in Dodging
   516 | D:1      | Reached XP level 3. HP: 28/28 MP: 3/3
   531 | D:1      | Reached skill level 3 in Dodging
  1333 | D:2      | Found a shadowy altar of Dithmenos.
  1363 | D:2      | Reached skill level 4 in Dodging
  1486 | D:3      | Reached XP level 4. HP: 28/34 MP: 4/4
  1564 | D:3      | Noticed skittles's ghost (novice DrFE)
  1579 | D:3      | Incinerated by skittles's ghost

Skill      XL: |  1  2  3 |
---------------+----------+-----
Dodging        | 1 2 4 |  4.0
Fighting       | |  2.6
Short Blades   | |  2.1
Armour         | |  2.4
Shields        | |  2.6

Action                   |  1- 3 |  4- 6 || total
-------------------------+-------+-------++-------
Melee: Rapier            |   113 |    23 ||   136
       Bite              |     8 |     3 ||    11
  Use: Potion            |       |     1 ||     1
Armor: Scale mail        |    46 |     6 ||    52
Dodge: Dodged            |    45 |     9 ||    54
Block: Shield            |    59 |    13 ||    72
